 Dungeon Crawl Stone Soup version 0.23-a0-451-g1044d4cbad (webtiles) character file.

1341 Hercules1031 the Covert (level 8, 0/40 HPs)
             Began as a Spriggan Monk on Nov 20, 2018.
             Was a Believer of Ashenzari.
             Slain by a centaur
             ... wielding a cursed -1 shortbow
              (10 damage)
             ... on level 6 of the Dungeon on Nov 22, 2018.
             The game lasted 00:23:58 (7000 turns).

Hercules1031 the Covert (Spriggan Monk)             Turns: 7000, Time: 00:23:59

Health: 0/40       AC:  2    Str:  7      XL:     8   Next: 35%
Magic:  9/9        EV: 25    Int: 13 (14) God:    Ashenzari [**....]
Gold:   336        SH:  0    Dex: 18 (20) Spells: 7/7 levels left

rFire    . . .     SeeInvis +   h - +2 short sword (speed)
rCold    + . .     Gourm    .   (shield restricted)
rNeg     . . .     Faith    .   b - +0 robe
rPois    .         Spirit   .   (helmet restricted)
rElec    .         Reflect  .   (no cloak)
rCorr    .         Harm     .   (gloves unavailable)
MR       +....                  (boots unavailable)
Stlth    ++++......             (no amulet)
HPRegen  0.13/turn              i - +2 ring of intelligence
MPRegen  0.11/turn              o - ring of protection from cold

@: very quick
A: very small, unfitting armour, see invisible, herbivore, speed 3, slow
metabolism 2
a: Curse Item, Scrying, Renounce Religion


You were on level 6 of the Dungeon.
You worshipped Ashenzari.
Ashenzari was pleased with you.
You were not hungry.

You visited 2 branches of the dungeon, and saw 7 of its levels.

You collected 336 gold pieces.

Inventory:

Hand Weapons
 a - a +0 short sword
 h - a +2 short sword of speed (weapon)
Armour
 b - a +0 robe (worn)
 r - a +2 pair of gloves of dexterity
Jewellery
 i - a +2 ring of intelligence (left hand)
 k - an uncursed amulet of faith
 o - a ring of protection from cold (right hand)
Wands
 j - a wand of disintegration (16)
 l - a wand of paralysis (7)
Scrolls
 f - 5 scrolls of identify
 m - a scroll of remove curse
 s - a scroll of teleportation
Potions
 d - a potion of flight
 g - a potion of might {unknown}
 p - 2 potions of curing
 q - 2 potions of mutation {unknown}
 t - 2 potions of resistance {unknown}
 u - a potion of brilliance
Comestibles
 c - 7 rations


   Skills:
 - Level 3.1 Fighting
 * Level 7.2 Short Blades
 + Level 9.2 Dodging
 + Level 9.3 Stealth


You had 7 spell levels left.
You didn't know any spells.
Your spell library was empty.

Dungeon Overview and Level Annotations

Branches:
Dungeon (6/15)             Temple (1/1) D:5

Altars:
Ashenzari
Cheibriados
Dithmenos
Elyvilon
Fedhas
Gozag
Hepliaklqana
Kikubaaqudgha
Makhleb
Nemelex Xobeh
Okawaru
Ru
Sif Muna
Trog
Uskayaw
Vehumet
Wu Jian
Xom
Zin
The Shining One

Shops:
D:4 :

Annotations:
D:2 Robin


Innate Abilities, Weirdness & Mutations

You are very small and have problems with some larger weapons.
You are too small for most types of armour.
You have supernaturally acute eyesight. (SInv)
You are a herbivore.
You cover ground extremely quickly.
You need to consume almost no food.


Message History

The centaur misses you.
You hit the centaur.
The centaur is lightly wounded.
The centaur closely misses you.
You hit the centaur.
The centaur is lightly wounded.
You hit the centaur but do no damage.
The centaur is lightly wounded.
The centaur completely misses you.
You hit the centaur.
The centaur is moderately wounded.
The centaur hits you with a cursed -1 shortbow!
* * * LOW HITPOINT WARNING * * *
You puncture the centaur!
The centaur is severely wounded.
You hit the centaur.
The centaur is almost dead.
The centaur completely misses you.
The crimson imp blinks!
The centaur hits you with a cursed -1 shortbow!
You die...

.....♣♣≈♣≈;≈P≈≈≈≈
####.♣≈≈≈P≈P≈≈≈♣P. #
#.# ≈≈♣≈≈♣P≈♣≈. . #
#.# ♣≈≈≈P≈≈≈♣.# .# #
#.# ♣P≈P♣≈≈≈#.# .. #
#.# #Po≈≈≈♣ #.# .. #
#.# ##≈)♣♣♣##.# .# #
#.# ##♣;♣.##.##..# #
#.# #...()(@cl§.# #
#.# ####5##>###.#
####.########.##.###
.....................
################.####
#... #####


You could see a centaur, an iguana, an electric eel and a crimson imp.

Vanquished Creatures
  Sigmund (D:2)
  6 big kobolds (D:3)
  A scorpion (D:5)
  An electric eel (D:6)
  A howler monkey (D:4)
  3 crimson imps
  2 hounds (D:5)
  A jelly (D:4)
  2 orc priests
  A bullfrog skeleton (D:5)
  2 orc wizards
  A worker ant (D:4)
  Terence (D:3)
  4 adders (D:2)
  2 gnolls (D:3)
  A howler monkey skeleton (D:5)
  2 oozes (D:4)
  3 worms
  A dart slug (D:2)
  3 leopard geckos
  13 orcs
  13 bats
  4 giant cockroaches
  12 hobgoblins
  10 jackals
  51 kobolds
  2 quokkas (D:2)
  3 ball pythons
  4 frilled lizards
  13 goblins
  9 rats
173 creatures vanquished.

Vanquished Creatures (others)
  3 orcs (D:6)
3 creatures vanquished.

Grand Total: 176 creatures vanquished

Notes
Turn   | Place    | Note
-------+----------+-------------------------------------------
     0 | D:1      | Hercules1031 the Spriggan Monk began the quest for the Orb.
     0 | D:1      | Reached XP level 1. HP: 11/11 MP: 2/2
    80 | D:1      | Upgraded the game from 0.23-a0-449-g8e4cbf7b70 to
                  | 0.23-a0-451-g1044d4cbad
   286 | D:1      | Reached XP level 2. HP: 12/16 MP: 3/3
   766 | D:2      | Reached skill level 5 in Dodging
   766 | D:2      | Reached XP level 3. HP: 17/19 MP: 4/4
  1113 | D:2      | Noticed Robin
  1472 | D:2      | Noticed Sigmund
  1499 | D:2      | Killed Sigmund
  1499 | D:2      | Reached skill level 5 in Stealth
  1499 | D:2      | Reached XP level 4. HP: 7/24 MP: 5/5
  1499 | D:2      | Reached XP level 5. HP: 8/28 MP: 6/6
  1979 | D:2      | Reached XP level 6. HP: 26/32 MP: 7/7
  2886 | D:3      | Noticed Terence
  2914 | D:3      | Killed Terence
  3575 | D:3      | Reached XP level 7. HP: 21/36 MP: 8/8
  3856 | D:3      | Reached skill level 5 in Short Blades
  4836 | D:4      | Found Awnim's Book Shoppe.
  5064 | D:4      | Found a sacrificial altar of Ru.
  5135 | D:5      | Entered Level 5 of the Dungeon
  5407 | D:5      | Reached XP level 8. HP: 19/40 MP: 9/9
  5750 | D:5      | Found an ornate altar of the Wu Jian Council.
  5794 | D:5      | Found an opulent altar of Gozag.
  6047 | D:5      | Found a staircase to the Ecumenical Temple.
  6057 | Temple   | Entered the Ecumenical Temple
  6461 | Temple   | Became a worshipper of Ashenzari the Shackled
  6461 | Temple   | Reached * piety under Ashenzari
  6461 | Temple   | Reached ** piety under Ashenzari
  6531 | D:5      | Found a shadowy altar of Dithmenos.
  6551 | D:5      | Found a glowing silver altar of Zin.
  6552 | D:5      | Found a white marble altar of Elyvilon.
  6554 | D:5      | Found a glowing golden altar of the Shining One.
  7000 | D:6      | Slain by a centaur

Vault maps used:
D:1:      eino_arrival_water_star
D:2:      kennysheep_generic_room_5, uniq_robin, uniq_sigmund
D:3:      minmay_goblin_kobold_castle, serial_forest,
          infiniplex_forest_straight_3, infiniplex_forest_corner_2,
          infiniplex_forest_zigzag_2, infiniplex_forest_clump_tiny,
          infiniplex_forest_clump_cross, infiniplex_forest_zigzag_1,
          first_ration, uniq_terence
D:4:      old_standard_altar, serial_shops, nicolae_shop_window_shopping
D:5:      good_gods_mini_temple, nicolae_overflow_crystal_walls,
          grunt_gozag_breadcrumbs, marbit_many_paths, minmay_temple_entry_arrows
D:6:      serial_bayou, serial_bayou_lake_a, serial_bayou_pond_c,
          serial_bayou_pond_a, serial_bayou_shore_b, trog_ov_bears_minmay
Temple:   oiseaux_autumnal_temple

Skill      XL: |  1  2  3  4  5  6  7  8 |
---------------+-------------------------+-----
Dodging        | 5 6 7 8 9 |  9.2
Stealth        | 5 6 7 8 9 |  9.3
Fighting       | 3 |  3.1
Short Blades   | 4 6 7 |  7.2

Action                   |  1- 3 |  4- 6 |  7- 9 || total
-------------------------+-------+-------+-------++-------
Melee: Short sword       |   165 |   324 |   328 ||   817
  Use: Potion            |     3 |     2 |     3 ||     8
       Scroll            |       |     4 |     4 ||     8
 Stab: Sleeping          |    12 |     7 |    12 ||    31
  Eat: Ration            |       |     1 |     2 ||     3
Armor: Robe              |     8 |    10 |     3 ||    21
Dodge: Dodged            |    95 |   241 |   179 ||   515

Table legend:
 A = Non-vault XP
 B = Vault XP
 C = Vault XP percentage of total XP
 D = Non-vault monster count
 E = Vault monster count
 F = Vault count percentage of total count
                 A         B        C        D         E       F
            +---------+---------+-------+---------+---------+-------
      Total |     954 |     963 |  50.2 |     113 |      61 |  35.1
            +---------+---------+-------+---------+---------+-------
        D:1 |      33 |       0 |   0.0 |      20 |       0 |   0.0
        D:2 |     118 |     246 |  67.6 |      37 |       9 |  19.6
        D:3 |     139 |     717 |  83.8 |      30 |      52 |  63.4
        D:4 |     191 |       0 |   0.0 |       9 |       0 |   0.0
        D:5 |     367 |       0 |   0.0 |      14 |       0 |   0.0
        D:6 |     106 |       0 |   0.0 |       3 |       0 |   0.0
            +---------+---------+-------+---------+---------+-------
